 Dungeon Crawl Stone Soup version 0.22-a0-443-g17c3723 (webtiles) character file.

44 JDMADOG the Ducker (level 3, -10/28 HPs)
             Began as a Demonspawn Gladiator on June 1, 2018.
             Killed by divine providence
             ... invoked by an orc priest
              (16 damage)
             ... on level 2 of the Dungeon.
             The game lasted 00:02:19 (972 turns).

JDMADOG the Ducker (Demonspawn Gladiator)            Turns: 972, Time: 00:02:24

Health: -10/28     AC:  4    Str: 15    XL:     3   Next: 41%
Magic:  0/3        EV: 13    Int:  9    God:
Gold:   40         SH:  0    Dex: 14    Spells: 2/2 levels left

rFire    . . .     SeeInvis .   a - +0 long sword
rCold    . . .     Gourm    .   (no shield)
rNeg     + . .     Faith    .   b - +0 leather armour
rPois    .         Spirit   +   c - +0 helmet
rElec    .         Reflect  .   (no cloak)
rCorr    .         Harm     .   (no gloves)
MR       .....                  (no boots)
Stlth    +.........             e - amulet of guardian spirit
HPRegen  0.09/turn              g - ring of positive energy
MPRegen  0.08/turn              (no ring)

@: hasted (expiring), very quick
A: powered by pain 1
a: no special abilities


You were on level 2 of the Dungeon.
You were not hungry.

You visited 1 branch of the dungeon, and saw 2 of its levels.

You collected 40 gold pieces.

Inventory:

Hand Weapons
 a - a +0 long sword (weapon)
Missiles
 d - 3 throwing nets (quivered)
Armour
 b - a +0 leather armour (worn)
 c - a +0 helmet (worn)
Jewellery
 e - an amulet of guardian spirit (around neck)
 g - a ring of positive energy (left hand)
Potions
 h - a potion of invisibility
Comestibles
 f - 5 rations


   Skills:
 + Level 2.4 Fighting
 + Level 3.1 Long Blades
 + Level 1.9 Throwing
 + Level 1.0 Armour
 + Level 3.1 Dodging


You had 2 spell levels left.
You didn't know any spells.
Your spell library was empty.

Dungeon Overview and Level Annotations

Branches:
Dungeon (2/15)

Altars:


Innate Abilities, Weirdness & Mutations

You sometimes gain a little power by taking damage.


Message History

* * * LOW HITPOINT WARNING * * *
You focus on the pain.
You feel your power returning. The orc priest hits you with a club.
You barely miss the orc priest.
The orc priest is heavily wounded.
The orc hits you with a club.
* * * LOW HITPOINT WARNING * * *
You slash the orc priest!
You kill the orc priest!
Your Long Blades skill increases to level 3!
Your Armour skill increases to level 1!
Your Dodging skill increases to level 3!
You have reached level 3!
Your experience leads to an increase in your attributes!
Increase (S)trength, (I)ntelligence, or (D)exterity?
You feel stronger.
The orc priest invokes the aid of Beogh against you.
Beogh smites you!
Ouch! That really hurt!
You die...

#.# #.# #.#
#.##########
#)...†<....#
##########<#
#.# #
#.#####o###.
#.##@obo....
#.##)##.##.#
#....#
######


You could see an orc priest, 2 orcs and a bat.

Vanquished Creatures
  An orc priest (D:2)
  A dart slug (D:1)
  2 ball pythons (D:1)
  2 bats
  A giant cockroach (D:1)
  A goblin (D:1)
  A hobgoblin (D:1)
  A frilled lizard (D:1)
  A kobold (D:1)
  A rat (D:2)
12 creatures vanquished.

Notes
Turn   | Place    | Note
-------+----------+-------------------------------------------
     0 | D:1      | JDMADOG the Demonspawn Gladiator began the quest for the Orb.
     0 | D:1      | Reached XP level 1. HP: 16/16 MP: 1/1
   534 | D:1      | Gained mutation: You sometimes gain a little power by taking damage. [demonic ancestry]
   534 | D:1      | Reached XP level 2. HP: 9/22 MP: 0/2
   972 | D:2      | Reached skill level 1 in Armour
   972 | D:2      | Reached XP level 3. HP: 6/28 MP: 1/3
   972 | D:2      | Killed from afar by an orc priest

Vault maps used:
D:1:      scummos_arrival_simple_fountains, minmay_tetromino_t4
D:2:      lemuel_doored_altar

Skill      XL: |  1  2 |
---------------+-------+-----
Long Blades    | 3 |  3.1
Armour         | 1 |  1.0
Dodging        | 3 |  3.1
Fighting       | |  2.4
Throwing       | |  1.9

Action                   || total
-------------------------++-------
Melee: Long sword        ||    34
  Use: Potion            ||     6
       Scroll            ||     3
Armor: Leather armour    ||    13
Dodge: Dodged            ||    31
       Rpst.: Long sword ||     8

Table legend:
 A = Spawn XP
 B = Non-spawn XP
 C = Spawn XP percentage of total XP
 D = Spawn monster count
 E = Non-spawn monster count
 F = Spawn count percentage of total count
 G = Total turns spent on level
                    A         B        C        D         E        F      G
               +---------+---------+-------+---------+---------+-------+---------
         Total |       0 |      64 |   0.0 |       0 |      12 |   0.0 |   972
               +---------+---------+-------+---------+---------+-------+---------
           D:1 |       0 |      17 |   0.0 |       0 |       9 |   0.0 |   863
           D:2 |       0 |      47 |   0.0 |       0 |       3 |   0.0 |   109
               +---------+---------+-------+---------+---------+-------+---------
